 Dungeon Crawl Stone Soup version 0.26-a0-651-gb41185065b (webtiles) character file.

Game seed: 2196487300771410345

72270 Flugslaktarn the Severer (level 15, -1/148 HPs)
             Began as a Deep Dwarf Fighter on Oct 4, 2020.
             Was the Champion of Makhleb.
             Slain by a wolf spider (7 damage)
             ... on level 2 of the Spider Nest.
             The game lasted 00:11:52 (13134 turns).

Flugslaktarn the Severer (Deep Dwarf Fighter)      Turns: 13134, Time: 00:11:53

Health: -1/148     AC: 26    Str: 24    XL:     15   Next: 0%
Magic:  1/9        EV: 12    Int: 10    God:    Makhleb [******]
Gold:   1879       SH: 23    Dex: 13    Spells: 14/14 levels left

rFire    + . .     SeeInvis .   A - +8 war axe (flame)
rCold    . . .     Faith    .   O - +2 tower shield {reflect}
rNeg     + . .     Spirit   .   u - +0 plate armour
rPois    .         Reflect  +   (no helmet)
rElec    .         Harm     .   g - +2 cloak {MR+}
rCorr    .         Rampage  .   e - +2 pair of gloves
MR       +++..                  i - +2 pair of boots
Stlth    ..........             T - amulet of reflection
HPRegen  0.00/turn              v - +4 ring of evasion
MPRegen  0.11/turn              f - ring of protection from fire

@: lethally poisoned (-1 -> -21), very slightly contaminated, non-regenerating,
invisible (expiring)
A: damage resistance, heal wounds, negative energy resistance 1, sense
surroundings 2, no regeneration
a: Heal Wounds, Minor Destruction, Lesser Servant of Makhleb, Major Destruction,
Greater Servant of Makhleb, Renounce Religion


You were on level 2 of the Spider Nest.
You worshipped Makhleb.
Makhleb was exalted by your worship.
You visited 4 branches of the dungeon, and saw 21 of its levels.
You also visited: Bailey, Gauntlet and Ice Cave.

You collected 1879 gold pieces.

Inventory:

Hand Weapons
 A - a +8 war axe of flaming (weapon)
   (You took it off a wight on level 8 of the Dungeon)
Armour
 e - a +2 pair of gloves (worn)
   (You found it on level 1 of the Dungeon)
 g - a +2 cloak of magic resistance (worn)
   (You took it off Maurice on level 8 of the Dungeon)
 i - a +2 pair of boots (worn)
   (You found it on level 2 of the Dungeon)
 u - a +0 plate armour (worn)
   (You found it on level 1 of the Dungeon)
 O - a +2 tower shield of reflection (worn)
   (You found it in a Gauntlet)
Jewellery
 f - a ring of protection from fire (right hand)
   (You found it on level 11 of the Dungeon)
 k - an uncursed ring of resist corrosion
   (You found it on level 2 of the Lair of Beasts)
 m - an uncursed ring of protection from magic
   (You found it on level 2 of the Lair of Beasts)
 v - a +4 ring of evasion (left hand)
   (You found it on level 2 of the Lair of Beasts)
 S - an uncursed ring of protection from fire
   (You found it in a Gauntlet)
 T - an amulet of reflection (around neck)
   (You found it on level 9 of the Dungeon)
Wands
 o - a wand of iceblast (15)
   (You found it on level 13 of the Dungeon)
 E - a wand of acid (30)
   (You found it on level 12 of the Dungeon)
 G - a wand of digging (7)
   (You found it on level 12 of the Dungeon)
 J - a wand of paralysis (16)
   (You found it on level 14 of the Dungeon)
 U - a wand of enslavement (11)
   (You found it on level 8 of the Dungeon)
Scrolls
 a - 2 scrolls of immolation
 b - 2 scrolls of magic mapping
 r - a scroll of identify
 t - 6 scrolls of teleportation
 x - 9 scrolls of remove curse
 z - 2 scrolls of blinking
 D - a scroll of fear
 F - a scroll of enchant armour
 I - a scroll of holy word
Potions
 d - 2 potions of might
 h - 4 potions of haste
 l - 3 potions of magic
 n - a potion of resistance
 q - 14 potions of curing
 s - a potion of invisibility
 w - 5 potions of heal wounds
 B - 2 potions of cancellation
 C - 2 potions of lignification
 L - 4 potions of flight
 V - 5 potions of mutation
Miscellaneous
 P - a box of beasts (3/3)
   (You found it in a Gauntlet)


   Skills:
 * Level 13.3 Fighting
 * Level 15.3 Axes
 + Level 12.0 Armour
 + Level 10.1 Dodging
 - Level 6.1 Shields
 + Level 11.4 Invocations
 - Level 5.0 Evocations


You had 14 spell levels left.
You didn't know any spells.
Your spell library was empty.

Dungeon Overview and Level Annotations

Branches:
Dungeon (15/15) Temple (1/1) D:5 Lair (3/6) D:11 Shoals (0/4) Lair:3 Spider (2/4) Lair:2 Orc (0/2) D:12 Vaults (0/5) D:12 D:13 Depths (0/5) D:15 Bailey (visited) IceCv (visited) Gauntlet (visited)

Altars:
Ashenzari
Cheibriados
Dithmenos
Elyvilon
Fedhas
Gozag
Hepliaklqana
Kikubaaqudgha
Makhleb
Nemelex Xobeh
Okawaru
Qazlal
Ru
Sif Muna
Trog
Uskayaw
Vehumet
Wu Jian
Xom
Yredelemnul
Zin

Shops:
D:4 *   D:8 ?   D:14 *

Annotations:
D:4 1 runed translucent door, qborf's ghost, amateur OpTm
D:7 2 transporters, Lanoc's ghost, novice DsCj
Lair:1 2 transporters, Vihemes's ghost, journeyman OgHu
Spider:2 Arachne


Innate Abilities, Weirdness & Mutations

You are resistant to damage.
You can heal yourself by infusing magical energy.
You resist negative energy. (rN+)
You passively map the area around you.
You do not regenerate.


Message History

* * * LOW HITPOINT WARNING * * *
You are too injured to fight recklessly!
You are too injured to fight recklessly!
You are too injured to fight recklessly!
You are too injured to fight recklessly!
You are too injured to fight recklessly!
You are too injured to fight recklessly!
You are too injured to fight recklessly!
You are too injured to fight recklessly!
You are too injured to fight recklessly!
You hit the tarantella but do no damage.
The tarantella is moderately wounded.
You hit Arachne. You burn Arachne. You hit the wolf spider.
You burn the wolf spider.
You flicker for a moment.
You feel sick. Arachne hits you but does no damage. Arachne envenoms you!!
* * * LOW HITPOINT WARNING * * *
You are more poisoned.
You block the tarantella's attack. The wolf spider hits you!
You die...

, , , * , * ^ ,,
, * , , , ,* , ,
^* * .# * , *
..^ , # , ...# ,
* ,.# * * * ≈ *
#.#^##### , .#*≈
*≈ ,, ,
#..#...###s^# #
,
#..#...†@s#...#
, * ,
#...##.Hs......,
, ,,* * ##
#...#..##.##..#
* * * ****#..
###.##.# ... ,#
, ##..#..##..#
##. * * * ≈
#....<####.. *
.# ,, ###..#.#
... , . **, ,
#...,.# ..#* * *
, *,#### ..,..#,
,


You could see Arachne, a wolf spider, a tarantella and a redback.

Vanquished Creatures
  Gastronok (Lair:1)
  A frost giant (IceCv)
  A ghost moth (Spider:2)
  Nessos (D:13)
  A minotaur (Gauntlet)
  Snorg (D:14)
  2 death oozes (Gauntlet)
  2 ice dragons (D:15)
  A centaur warrior (D:15)
  An ogre mage (D:15)
  2 catoblepae
  A death knight (D:12)
  8 two-headed ogres
  2 death yaks (IceCv)
  2 skeletal warriors (D:15)
  A glowing orange brain (shapeshifter) (Gauntlet)
  2 unseen horrors
  2 orb spiders
  5 orc knights
  A wolf spider (Spider:2)
  4 cyclopes
  5 manticores
  7 ugly things
  An elephant (D:11)
  2 merfolk sirens (Lair:3)
  Joseph (D:7)
  An ice statue (IceCv)
  4 centaur zombies
  Maurice (D:8)
  2 black mambas
  5 cane toads
  3 gargoyles (D:12)
  Maggie (D:8)
  2 centaur skeletons
  A demonic crawler (Spider:2)
  3 rime drakes
  A freezing wraith (D:14)
  2 kobold demonologists (D:14)
  A komodo dragon (Lair:2)
  2 merfolk (Lair:3)
  3 hornets
  3 meliai (D:12)
  A jumping spider (Spider:1)
  15 polar bears (IceCv)
  A troll (D:9)
  Prince Ribbit (D:7)
  7 blink frogs
  6 slime creatures
  9 hippogriffs
  15 flying skulls (D:15)
  A wyvern (shapeshifter) (Gauntlet)
  2 wraiths
  A wyvern (D:14)
  16 humans (D:12)
  27 yaks
  8 basilisks
  6 redbacks
  4 tarantellas (Spider:2)
  A steam dragon (D:9)
  2 vampire mosquitoes (D:9)
  Menkaure (D:7)
  8 water moccasins
  5 porcupines
  7 ice beasts
  12 orc warriors
  5 sky beasts
  3 black bears
  2 phantoms (D:9)
  7 ogres
  9 centaurs
  20 wolves
  4 crocodiles
  3 big kobolds
  7 bullfrogs
  3 scorpions
  2 howler monkeys
  22 wights
  2 bullfrog zombies
  2 quasits
  5 hounds
  4 orc priests
  Crazy Yiuf (D:6)
  3 jellies
  A gnoll shaman (D:4)
  15 orc wizards
  2 bullfrog skeletons
  A hell rat (Lair:3)
  4 iguanas
  8 worker ants
  A hound zombie (D:11)
  2 worker ant zombies
  6 gnolls
  9 adders
  10 river rats (Lair:3)
  2 white imps
  An ufetubus (D:7)
  3 adder skeletons
  5 worms
  2 leopard geckos
  74 orcs
  A ball python (D:1)
  4 giant cockroaches
  5 goblins
  3 hobgoblins
  12 quokkas
  3 bats
  4 frilled lizards
  A giant cockroach zombie (D:6)
  A jackal skeleton (D:4)
  7 kobolds
  A leopard gecko skeleton (D:5)
  2 leopard gecko zombies
  A quokka zombie (D:5)
  16 rats
560 creatures vanquished.

Vanquished Creatures (collateral kills)
  A hydra (D:15)
  A flying skull (D:15)
  An orc warrior (Bailey)
  An ogre (D:14)
  A wight (D:15)
5 creatures vanquished.

Vanquished Creatures (others)
  2 polar bears (IceCv)
  A flying skull (D:15)
  A yak (IceCv)
  A vampire (D:9)
  A wolf (IceCv)
  An orc wizard (D:9)
  An orc (Bailey)
  7 fungi
  5 plants
20 creatures vanquished.

Grand Total: 585 creatures vanquished

Notes
Turn   | Place    | Note
-------+----------+-------------------------------------------
     0 | D:1      | Flugslaktarn the Deep Dwarf Fighter began the quest for the
                  | Orb.
     0 | D:1      | Reached XP level 1. HP: 20/20 MP: 1/1
    99 | D:2      | Reached XP level 2. HP: 27/27 MP: 2/2
   151 | D:2      | Found an iron altar of Okawaru.
   396 | D:3      | Reached XP level 3. HP: 34/34 MP: 3/3
   434 | D:4      | Reached skill level 3 in Axes
   441 | D:4      | Reached XP level 4. HP: 21/42 MP: 4/4
   461 | D:4      | Reached XP level 5. HP: 43/50 MP: 4/4
   478 | D:4      | Found a sacrificial altar of Ru.
   478 | D:4      | Found a sparkling altar of Nemelex Xobeh.
   479 | D:4      | Found a basalt altar of Yredelemnul.
   479 | D:4      | Found a stormy altar of Qazlal.
   497 | D:4      | Reached skill level 4 in Axes
   502 | D:4      | Found Noanogal's Lightly-Used Armoury.
   602 | D:4      | Found a runed translucent door.
   602 | D:4      | Noticed qborf's ghost (amateur OpTm)
   603 | D:4      | Noticed a gargoyle
   702 | D:4      | Reached XP level 6. HP: 53/57 MP: 5/5
   748 | D:4      | Found an iron altar of Okawaru.
  1122 | D:5      | Entered Level 5 of the Dungeon
  1122 | D:5      | Found a shadowy altar of Dithmenos.
  1187 | D:5      | Reached skill level 5 in Armour
  1227 | D:5      | Reached skill level 5 in Axes
  1227 | D:5      | Reached XP level 7. HP: 58/66 MP: 6/6
  1236 | D:5      | Found a snail-covered altar of Cheibriados.
  1459 | D:5      | Found a staircase to the Ecumenical Temple.
  1596 | Temple   | Entered the Ecumenical Temple
  1946 | D:6      | Reached skill level 5 in Fighting
  1994 | D:6      | Reached skill level 5 in Shields
  2162 | D:6      | Reached XP level 8. HP: 58/74 MP: 7/7
  2208 | D:6      | Found a glowing silver altar of Zin.
  2219 | D:6      | Reached skill level 6 in Axes
  2268 | D:6      | Found a runed translucent door.
  2269 | D:6      | Noticed Crazy Yiuf
  2430 | D:6      | Found a broken altar of Ashenzari.
  2441 | D:6      | Noticed a moth of wrath
  2444 | D:6      | Found a bloodstained altar of Trog.
  2577 | D:6      | Killed Crazy Yiuf
  2639 | D:7      | Noticed Prince Ribbit
  2667 | D:7      | Noticed Joseph
  2675 | D:7      | Killed Prince Ribbit
  2702 | D:7      | Killed Joseph
  2702 | D:7      | Reached skill level 7 in Axes
  2749 | D:7      | Gained mutation: You passively map the area around you.
                  | [Deep Dwarf growth]
  2749 | D:7      | Reached XP level 9. HP: 40/85 MP: 6/6
  2773 | D:7      | Noticed Menkaure
  2780 | D:7      | Killed Menkaure
  2842 | D:7      | Reached skill level 1 in Dodging
  2864 | D:7      | Found a transporter.
  2866 | D:7      | Found a transporter.
  2869 | D:7      | Noticed Lanoc's ghost (novice DsCj)
  2897 | D:7      | Reached skill level 8 in Axes
  2959 | D:7      | Found a blossoming altar of Fedhas.
  3243 | D:8      | Noticed Maggie
  3267 | D:8      | Killed Maggie
  3340 | D:8      | Found a shimmering blue altar of Sif Muna.
  3340 | D:8      | Found a bloodstained altar of Trog.
  3341 | D:8      | Found an ornate altar of the Wu Jian Council.
  3391 | D:8      | Found a burning altar of Makhleb.
  3471 | D:8      | Became a worshipper of Makhleb the Destroyer
  3562 | D:8      | Reached skill level 1 in Invocations
  3723 | D:8      | Found Niogocveoho's Magic Scroll Shoppe.
  3771 | D:8      | Noticed Maurice
  3829 | D:8      | Killed Maurice
  3829 | D:8      | Reached skill level 9 in Axes
  3887 | D:8      | Reached XP level 10. HP: 66/96 MP: 6/6
  4158 | D:9      | Noticed a two-headed ogre
  4176 | D:9      | Killed a two-headed ogre
  4363 | D:9      | Reached * piety under Makhleb
  4391 | D:9      | Noticed a manticore
  4392 | D:9      | Noticed a manticore
  4396 | D:9      | Killed a manticore
  4411 | D:9      | Killed a manticore
  4572 | D:9      | Reached skill level 10 in Axes
  4769 | D:9      | Noticed a cyclops
  4773 | D:9      | Noticed a manticore
  4785 | D:9      | Paralysed by a hornet for 3 turns
  4797 | D:9      | Reached ** piety under Makhleb
  4812 | D:9      | Killed a manticore
  4812 | D:9      | Reached skill level 5 in Dodging
  4812 | D:9      | Reached skill level 5 in Invocations
  4812 | D:9      | Reached XP level 11. HP: 106/106 MP: 7/7
  5197 | D:10     | Entered Level 10 of the Dungeon
  5277 | D:10     | Killed an unseen horror
  5395 | D:10     | Found a flagged portal.
  5412 | Bailey   | Entered a bailey
  5519 | Bailey   | Noticed an orc knight
  5521 | Bailey   | Killed an orc knight
  5523 | Bailey   | Reached *** piety under Makhleb
  5546 | Bailey   | Noticed an orc knight
  5560 | Bailey   | Reached skill level 11 in Axes
  5574 | Bailey   | Killed an orc knight
  5594 | Bailey   | Noticed an orc knight
  5594 | Bailey   | Noticed an orc knight
  5636 | Bailey   | Killed an orc knight
  5640 | Bailey   | Killed an orc knight
  5908 | D:10     | Got a steaming kite shield
  5919 | D:10     | Identified the +2 kite shield of the New World {rC+} (You
                  | found it on level 10 of the Dungeon)
  5938 | D:10     | Reached skill level 10 in Fighting
  6152 | D:11     | Noticed a red ugly thing
  6152 | D:11     | Noticed a red ugly thing
  6154 | D:11     | Found a staircase to the Lair.
  6163 | D:11     | Killed a green ugly thing
  6172 | D:11     | Killed a green ugly thing
  6925 | D:12     | Reached XP level 12. HP: 65/117 MP: 7/7
  7000 | D:12     | Reached **** piety under Makhleb
  7020 | D:12     | Reached skill level 12 in Axes
  7078 | D:12     | Reached skill level 1 in Evocations
  7250 | D:12     | Found a staircase to the Orcish Mines.
  7446 | D:13     | Found a gate to the Vaults.
  7446 | D:13     | Noticed a death knight
  7446 | D:13     | Noticed a two-headed ogre
  7446 | D:13     | Noticed Nessos
  7502 | D:12     | Reached skill level 10 in Armour
  7510 | D:12     | Killed a death knight
  7525 | D:13     | Noticed a catoblepas
  7533 | D:12     | Killed a two-headed ogre
  7540 | D:12     | Reached ***** piety under Makhleb
  7805 | D:13     | Killed Nessos
  7806 | D:13     | Killed a catoblepas
  8327 | D:13     | Found a sacrificial altar of Ru.
  8760 | D:14     | Reached XP level 13. HP: 127/127 MP: 9/9
  8919 | D:14     | Found Gozag's Platinum Reserve.
  8934 | D:14     | Found an opulent altar of Gozag.
  9034 | D:14     | Noticed Snorg
  9042 | D:14     | Reached skill level 13 in Axes
  9463 | D:14     | Killed Snorg
  9483 | D:15     | Entered Level 15 of the Dungeon
  9488 | D:15     | Reached skill level 5 in Evocations
  9909 | D:15     | Found the +3 giant club "Skullcrusher" {speed, Str+7}
 10251 | D:15     | Reached skill level 14 in Axes
 10251 | D:15     | Reached skill level 10 in Invocations
 10279 | D:15     | Found a staircase to the Depths.
 10589 | Lair:1   | Entered Level 1 of the Lair of Beasts
 10630 | Lair:1   | Found a transporter.
 10634 | Lair:1   | Found a transporter.
 10669 | Lair:1   | Identified the cursed +1 spear "Wizorio" {vorpal, *Contam
                  | rElec rN++ Stlth+}
 10669 | Lair:1   | Noticed Vihemes's ghost (journeyman OgHu)
 10674 | Lair:1   | Identified the +10 trident of the Fox {elec, *Slow +Blink
                  | rC++ Stlth+}
 10675 | Lair:1   | Found a bloodstained altar of Trog.
 10677 | Lair:1   | Found a gate leading to a gauntlet.
 10697 | Gauntlet | Entered a Gauntlet
 10697 | Gauntlet | Found a transporter.
 10697 | Gauntlet | Found a transporter.
 10697 | Gauntlet | Found a transporter.
 10698 | Gauntlet | Found a transporter.
 10698 | Gauntlet | Noticed a death ooze
 10700 | Gauntlet | Found a transporter.
 10702 | Gauntlet | Found a transporter.
 10709 | Gauntlet | Found a transporter.
 10711 | Gauntlet | Found a transporter.
 10711 | Gauntlet | Found a transporter.
 10713 | Gauntlet | Found a transporter.
 10715 | Gauntlet | Noticed a death ooze
 10724 | Gauntlet | Found a transporter.
 10725 | Gauntlet | Found a transporter.
 10872 | Gauntlet | Killed a death ooze
 10872 | Gauntlet | Gained mutation: You resist negative energy. (rN+) [Deep
                  | Dwarf growth]
 10872 | Gauntlet | Reached XP level 14. HP: 99/139 MP: 10/10
 10900 | Gauntlet | Got a warped platinum ring
 10937 | Gauntlet | Got a pair of warped gloves
 10946 | Gauntlet | Identified the ring of Jinor {Fire rN+} (You found it in a
                  | Gauntlet)
 11024 | Lair:1   | Noticed Gastronok
 11036 | Lair:1   | Killed Gastronok
 11070 | Lair:1   | Found a frozen archway.
 11084 | IceCv    | Entered an ice cave
 11257 | IceCv    | Reached ****** piety under Makhleb
 11443 | IceCv    | Noticed a frost giant
 11462 | IceCv    | Killed a frost giant
 11860 | Lair:2   | Reached skill level 15 in Axes
 12201 | Lair:2   | Found a hole to the Spider Nest.
 12505 | Lair:3   | Found a staircase to the Shoals.
 12515 | Lair:3   | Reached skill level 10 in Dodging
 12682 | Lair:3   | Identified the cursed +0 pair of gloves "Onka" {Int+2} (You
                  | found it in a Gauntlet)
 12993 | Spider:1 | Entered Level 1 of the Spider Nest
 13104 | Spider:2 | Noticed Arachne
 13115 | Spider:2 | HP: 7/141 [something (2)]
 13115 | Spider:2 | HP: 1/141 [Arachne/uncursed staff of poison (6)]
 13127 | Spider:2 | Killed a ghost moth
 13127 | Spider:2 | Reached XP level 15. HP: 93/148 MP: 0/9
 13134 | Spider:2 | HP: 6/148 [Arachne/uncursed staff of poison (24)]
 13134 | Spider:2 | Slain by a wolf spider

Illustrated notes

Levels and vault maps discovered:
D:1:      dpeg_arrival_simpleton_a, layout_rooms, roderic_roman_lattice
D:2:      layout_loops_cross, okawaru_gym_becter
D:3:      layout_loops_cross, tso_altar, minmay_misc_feat_diagonals,
          minmay_quantized
D:4:      layout_loops_ring, kennysheep_little_box, grunt_temple_overflow_open,
          ebering_ghost_inner_flame, minmay_shop_damaged
D:5:      layout_cave_pools, cheibriados_altar_1, temple_doors_e,
          grunt_dithmenos_smoke
D:6:      layout_rooms, cheibrodos_ashenzari_chains,
          nicolae_overflow_crystal_walls, tgw_trog, uniq_crazy_yiuf_cottage
D:7:      layout_rooms, gammafunk_ghost_hive, lemuel_tele_altar,
          uniq_prince_ribbit1, uniq_menkaure, uniq_joseph
D:8:      layout_gridville, kennysheep_mini_moat,
          chequers_temple_overflow_statue_of_worship, serial_shops,
          nicolae_shop_crystal, st_stairs_12, uniq_maurice, uniq_maggie
D:9:      minmay_the_grid_4x2 [minmay_the_grid_dragon_b, minmay_the_grid_spikes,
          minmay_the_grid_x, minmay_the_grid_outer_diamond,
          minmay_the_grid_slots, minmay_the_grid_broken_lines,
          minmay_the_grid_zigzag_pyramid, minmay_the_grid_prize_big_room],
          layout_long_grid, minmay_misc_feat_rows
D:10:     layout_roguey, enter_bailey_3
D:11:     layout_stronghold, david_lair_generic
D:12:     layout_roguey, orc_0_dummy
D:13:     layout_layer_cave, david_vaults_3, nicolae_ru_path_of_blood
D:14:     layout_long_grid, nicolae_gozag_zags_fifth_avenue,
          kennysheep_generic_room_5, uniq_snorg
D:15:     grunt_enter_depths_hoard, layout_irregular_city,
          minmay_guarded_unrand_skullcrusher
Temple:   compressed_dpeg_triangle_lava_temple
Lair:1:   layout_chaotic_city, gammafunk_ghost_wrathful_warriors,
          portal_ice_cave_rime, gauntlet_entry_generic, lemuel_fruit_tree,
          grunt_megastairs_3, uniq_gastronok
Lair:2:   layout_loops_ring, nicolae_spider_entry_orb_guardian
Lair:3:   lemuel_ratsnest, layout_gridlike, elwin_shoals_entry_stream,
          grunt_megastairs_1
Spider:1: layout_chambers, uniq_frances
Spider:2: layout_spider_delve, uniq_roxanne, uniq_aizul, uniq_arachne

Skill      XL: |  1  2  3  4  5  6  7  8  9 10 11 12 13 14 |
---------------+-------------------------------------------+-----
Fighting       | 3 4 5 6 8 9 10 11 12 13 | 13.3
Axes           | 3 4 5 7 9 10 11 12 14 15 | 15.3
Armour         | 4 5 6 7 8 9 10 11 12 | 12.0
Shields        | 4 5 6 |  6.1
Dodging        | 3 5 6 7 9 10 | 10.1
Invocations    | 2 5 7 8 10 11 | 11.4
Evocations     | 4 5 |  5.0

Action                   |  1- 3 |  4- 6 |  7- 9 | 10-12 | 13-15 || total
-------------------------+-------+-------+-------+-------+-------++-------
Melee: War axe           |    81 |   117 |    76 |   778 |   911 ||  1963
       Hand axe          |       |       |   194 |       |       ||   194
       Battleaxe         |       |       |   105 |       |       ||   105
Invok: Lesser Servant of |       |       |       |       |     5 ||     5
 Abil: Heal Wounds       |       |     4 |    23 |    24 |    15 ||    66
Evoke: Wand              |       |       |     1 |     3 |       ||     4
  Use: Potion            |       |       |     2 |     2 |     4 ||     8
       Scroll            |       |       |       |    20 |    17 ||    37
 Stab: Petrified         |       |       |       |     4 |       ||     4
       Distracted        |       |       |       |       |     1 ||     1
       Invisible         |       |       |       |       |     2 ||     2
Armor: Plate armour      |    58 |    82 |   287 |   502 |   517 ||  1446
       Scale mail        |     7 |       |       |       |       ||     7
       Skin              |       |       |     8 |    68 |       ||    76
Dodge: Dodged            |    19 |    15 |    88 |   190 |   251 ||   563
Block: Kite shield       |    51 |    72 |   173 |   538 |   718 ||  1552
       Tower shield      |       |       |       |   185 |    96 ||   281
       Reflection        |       |       |       |    18 |    12 ||    30

Table legend: (Time is in decaauts)
 A = Elapsed time spent in this place.
 B = Non-inter-level travel time spent in this place.
 C = Inter-level travel time spent in this place.
 D = Time resting spent in this place.
 E = Time spent auto-exploring this place.
 F = Levels seen in this place.
 G = Mean time per level.
                   A        B        C        D        E       F      G
               +--------+--------+--------+--------+--------+-----+--------+
         Total |  13206 |  12521 |    685 |    294 |   8221 |  24 |  550.2 |
       Dungeon |  10139 |   9600 |    539 |    294 |   6390 |  15 |  675.9 |
        Temple |    325 |    310 |     15 |      0 |    309 |   1 |  325.0 |
          Lair |   1610 |   1493 |    117 |      0 |   1041 |   3 |  536.7 |
   Spider Nest |    134 |    121 |     13 |      0 |     56 |   2 |   67.0 |
        Bailey |    277 |    277 |      0 |      0 |    105 |   1 |  277.0 |
      Ice Cave |    413 |    413 |      0 |      0 |    185 |   1 |  413.0 |
      Gauntlet |    304 |    304 |      0 |      0 |    135 |   1 |  304.0 |
               +--------+--------+--------+--------+--------+-----+--------+

Top non-repeatable levels by time:
     D:9: 1090 daAuts
    D:13: 1082 daAuts
    D:15: 1001 daAuts
     D:8: 962 daAuts
    D:11: 875 daAuts
    D:14: 834 daAuts
     D:4: 728 daAuts
     D:6: 726 daAuts
    D:12: 719 daAuts
  Lair:2: 678 daAuts
  Lair:3: 598 daAuts
    D:10: 573 daAuts
     D:7: 571 daAuts
     D:5: 511 daAuts
   IceCv: 413 daAuts
